 Dungeon Crawl Stone Soup version 0.21.1-1-g345015f (console) character file.

739 fly the Skirmisher (level 7, -11/75 HPs)
             Began as an Ogre Berserker on May 27, 2018.
             Was a Priest of Trog.
             Mangled by Duvessa
             ... wielding a +0 rapier
              (21 damage)
             ... on level 5 of the Dungeon.
             The game lasted 00:05:34 (4862 turns).

fly the Skirmisher (Ogre Berserker)                 Turns: 4862, Time: 00:05:35

Health: -11/75     AC:  3    Str: 22    XL:     7   Next: 75%
Magic:  7/7        EV: 12    Int:  8    God:    Trog [***...]
Gold:   174        SH:  0    Dex: 10    Spells: 6/6 levels left

rFire    . . .     SeeInvis .   a - +0 hand axe
rCold    . . .     Gourm    .   (no shield)
rNeg     . . .     Faith    .   y - +0 animal skin
rPois    .         Spirit   .   (helmet restricted)
rElec    .         Reflect  .   (no cloak)
rCorr    .         Harm     .   (gloves unavailable)
MR       .....                  (boots unavailable)
Stlth    +.........             (no amulet)
HPRegen  0.22/turn              w - ring of flight
MPRegen  0.10/turn              (no ring)

@: confused, lethally poisoned (-11 -> -12), berserk cooldown, starving, slowed,
very slow
A: large, unfitting armour, tough skin 1
a: Berserk, Trog's Hand, Burn Spellbooks, Renounce Religion, Evoke Flight


You were on level 5 of the Dungeon.
You worshipped Trog.
Trog was most pleased with you.
You were starving.

You visited 2 branches of the dungeon, and saw 6 of its levels.
You also visited: Sewer.

You collected 174 gold pieces.

Inventory:

Hand Weapons
 a - a +0 hand axe (weapon)
Armour
 y - a +0 animal skin (worn)
Magical Staves
 p - an uncursed staff of fire
Jewellery
 w - a ring of flight (left hand)
Wands
 r - a wand of iceblast (4)
Scrolls
 d - 3 scrolls of enchant armour {unknown}
 e - 9 scrolls of remove curse {unknown}
 f - 2 scrolls of magic mapping {unknown}
 i - 2 scrolls of identify {unknown}
 j - a scroll of amnesia {unknown}
 k - 2 scrolls of blinking {unknown}
 m - a scroll of enchant weapon {unknown}
 q - a scroll of random uselessness {unknown}
Potions
 b - a potion of ambrosia
 g - a potion of flight {unknown}
 h - a potion of magic {unknown}
 l - a potion of haste {unknown}
 n - a potion of lignification {unknown}
 o - a potion of agility {unknown}
 s - a potion of curing {unknown}
 t - a potion of brilliance {unknown}
 u - a potion of invisibility {unknown}
 v - a potion of mutation {unknown}
Comestibles
 c - 9 rations


   Skills:
 - Level 6.0 Fighting
 + Level 5.9 Axes
 + Level 5.7 Dodging


You had 6 spell levels left.
You didn't know any spells.

Dungeon Overview and Level Annotations

Branches:
Dungeon (5/15)             Temple (1/1) D:4

Altars:
Ashenzari
Cheibriados
Dithmenos
Elyvilon
Gozag
Hepliaklqana
Kikubaaqudgha
Makhleb
Nemelex Xobeh
Okawaru
Qazlal
Uskayaw
Vehumet
Wu Jian
Xom
Yredelemnul

Annotations:
D:5 Duvessa


Innate Abilities, Weirdness & Mutations

You are too large for most types of armour.
You have tough skin. (AC +1)


Message History

Duvessa is severely wounded.
Duvessa hits you but does no damage.
Unknown command.
You barely miss Duvessa.
Duvessa is severely wounded.
Duvessa hits you with a rapier.
* * * LOW HITPOINT WARNING * * *
Unknown command.
You are too berserk!
Unknown command.
You hit Duvessa but do no damage.
Duvessa is severely wounded.
You are no longer berserk.
You are exhausted.
You feel yourself slow down.
You feel sick. Duvessa barely misses you.
Unknown command.
It was a potion of ambrosia.
You are confused.
You feel invigorated. Duvessa hits you with a rapier!!
You die...

#... #.... .## ##
##..... ....####.
##......
#.......[###.....#
.....#..##......#
......).#.....#
......e@....<#
......†....###
..."......##
.........##
...).....#
.........#
.........#
.......#(#
#######.#


You could see Duvessa (berserk).

Vanquished Creatures
  2 ogres (D:4)
  2 bullfrogs (Sewer)
  Dowan (D:5)
  An orc priest (D:4)
  A bullfrog skeleton (D:4)
  An orc wizard (D:4)
  3 worker ants (D:4)
  14 adders
  An ooze (D:4)
  An adder skeleton (D:4)
  4 dart slugs
  5 leopard geckos
  3 orcs (D:4)
  10 bats
  7 giant cockroaches
  6 goblins
  6 hobgoblins
  7 jackals
  8 kobolds
  2 quokkas
  5 ball pythons
  10 frilled lizards
  A jackal zombie (D:4)
  A quokka skeleton (D:4)
  8 rats
110 creatures vanquished.

Notes
Turn   | Place    | Note
-------+----------+-------------------------------------------
     0 | D:1      | fly the Ogre Berserker began the quest for the Orb.
     0 | D:1      | Reached XP level 1. HP: 24/24 MP: 1/1
    27 | D:1      | Reached XP level 2. HP: 14/32 MP: 2/2
   179 | D:1      | Reached XP level 3. HP: 5/39 MP: 3/3
   545 | D:1      | Reached ** piety under Trog
  1380 | D:2      | Reached XP level 4. HP: 49/49 MP: 4/4
  2067 | D:3      | Found a glowing drain.
  2078 | Sewer    | Entered a sewer
  2094 | Sewer    | Reached skill level 5 in Fighting
  2161 | Sewer    | Reached XP level 5. HP: 57/57 MP: 5/5
  2251 | Sewer    | Reached *** piety under Trog
  2320 | Sewer    | Reached XP level 6. HP: 56/67 MP: 6/6
  2913 | D:3      | Reached skill level 6 in Fighting
  2957 | D:3      | Found a faded altar of an unknown god.
  3165 | D:3      | Found a burning altar of Makhleb.
  3682 | D:4      | Reached skill level 5 in Axes
  3682 | D:4      | Reached XP level 7. HP: 75/75 MP: 7/7
  3816 | D:4      | Reached skill level 5 in Dodging
  4160 | D:4      | Found a staircase to the Ecumenical Temple.
  4700 | Temple   | Entered the Ecumenical Temple
  4831 | D:5      | Entered Level 5 of the Dungeon
  4835 | D:5      | Noticed Duvessa
  4835 | D:5      | Noticed Dowan
  4849 | D:5      | Killed Dowan
  4862 | D:5      | Mangled by Duvessa

Skill      XL: |  1  2  3  4  5  6  7 |
---------------+----------------------+-----
Dodging        | 3 4 5 |  5.7
Fighting       | 5 6 |  6.0
Axes           | 4 5 |  5.9

Action                   |  1- 3 |  4- 6 |  7- 9 || total
-------------------------+-------+-------+-------++-------
Melee: Hand axe          |   101 |   162 |    88 ||   351
Invok: Berserk           |     1 |     5 |     3 ||     9
  Use: Potion            |       |       |     1 ||     1
 Stab: Sleeping          |       |       |     1 ||     1
  Eat: Chunk             |     1 |    12 |     6 ||    19
Armor: Animal skin       |    37 |    43 |    11 ||    91
Dodge: Dodged            |    53 |   112 |    47 ||   212
